 Dungeon Crawl Stone Soup version 0.31-a0-210-gccc998df9b (webtiles) character file.

Game seed: 16388400715514786739

1591 qw the Cleaver (level 8, 0/51 HPs)
             Began as a Gargoyle Fighter on June 29, 2023.
             Was an Initiate of Okawaru.
             Slain by a wight
             ... wielding a +3 battleaxe
              (2 damage)
             ... on level 7 of the Dungeon.
             The game lasted 00:02:31 (4854 turns).

qw the Cleaver (Gargoyle Fighter)                   Turns: 4854, Time: 00:02:31

Health: 0/51       AC: 14    Str: 23    XL:     8   Next: 93%
Magic:  8/8        EV:  9    Int:  8    God:    Okawaru [......]
Gold:   336        SH:  4    Dex:  9    Spells: 7/7 levels left

rFire   . . .        Y - +0 war axe (flame)
rCold   . . .        c - +0 buckler
rNeg    + . .        b - +0 scale mail
rPois   inf          (no helmet)
rElec   +            p - +0 cloak
rCorr   .            g - +0 pair of gloves
SInv    .            (no boots)
Will    .....        (no amulet) Stlth
                     (no ring)
HPRegen 0.28/turn    (no ring)
MPRegen 0.11/turn

%: no passive effects
@: about to teleport
A: sickness immunity, AC +5, negative energy resistance 1, electricity
resistance, torment resistance 1, petrification resistance
a: Renounce Religion


You were on level 7 of the Dungeon.
You worshipped Okawaru.
Okawaru was noncommittal.
You visited 2 branches of the dungeon, and saw 8 of its levels.

You collected 336 gold pieces.


Innate Abilities, Weirdness & Mutations

You are immune to sickness and miasma.
Your stone body is resilient. (AC +5)
You are immune to poison.
You resist negative energy. (rN+)
You are resistant to electric shocks. (rElec)
You are resistant to unholy torment.
You are immune to petrification.


   Skills:
 - Level 6.1 Fighting
 + Level 8.6 Axes
 - Level 2.5 Throwing
 - Level 3.2 Armour
 - Level 1.0 Dodging
 - Level 3.2 Shields


You had 7 spell levels left.
You didn't know any spells.
Your spell library was empty.

Inventory:

Hand Weapons
 Y - a +0 war axe of flaming (weapon)
Missiles
 n - 2 javelins (quivered)
Armour
 b - a +0 scale mail (worn)
 c - a +0 buckler (worn)
 g - a +0 pair of gloves (worn)
 p - a +0 cloak (worn)
Jewellery
 m - an amulet of magic regeneration
Scrolls
 a - a scroll of identify
 j - a scroll of teleportation
Potions
 d - 2 potions of might
 e - a potion of haste
 f - 2 potions of lignification
 h - a potion of enlightenment
 i - 5 potions of curing
 k - a potion of mutation {unknown}
 l - a potion of cancellation

Dungeon Overview and Level Annotations

Branches:
Dungeon (7/15)             Temple (1/1) D:4

Altars:
Ashenzari
Cheibriados
Elyvilon
Fedhas
Kikubaaqudgha
Makhleb
Nemelex Xobeh
Okawaru
Qazlal
Ru
Trog
Uskayaw
Vehumet
Wu Jian
Yredelemnul
Zin
The Shining One


Message History

The wight is almost destroyed.
You hit the wight. You burn the wight. The wight hits you but does no damage.
The wight hits you with a +3 battleaxe!
You hit the wight but do no damage.
The wight is almost destroyed.
You closely miss the wight.
The wight hits you but does no damage. x2
You closely miss the wight.
The wight is almost destroyed.
You barely miss the wight. The wight hits you but does no damage.
The wight misses you.
You barely miss the wight.
The wight is almost destroyed.
You barely miss the wight. The wight barely misses you.
The wight hits you with a +3 battleaxe.
You slash the wight! You burn the wight.
You destroy the wight!
Okawaru accepts your kill.
You hit the wight but do no damage. The wight closely misses you.
You barely miss the wight.
The wight is lightly damaged.
The wight barely misses you.
You closely miss the wight.
The wight is lightly damaged.
The wight hits you with a +3 battleaxe!
4851 ||| READING 2 scrolls of teleportation.
As you read the scroll of teleportation, it crumbles to dust.
You feel strangely unstable. The wight barely misses you.
You closely miss the wight.
The wight is lightly damaged.
The wight misses you.
You hit the wight but do no damage.
The wight is lightly damaged.
The wight hits you with a +3 battleaxe.
You slash the wight! You burn the wight.
The wight is almost destroyed.
The wight hits you with a +3 battleaxe.
You die...

#####.........#.
#.....####'#####
#.....#.........
#.....#.........
+.....#.........
#.....#.........
########.....#.....##..
#....z......#########..
#....)@.....#..........
...>..)......#.<........
.............#..........
.............#......##..
............>#......##..
..############..........
# #...........
#...........
#...........


You could see a wight.

Vanquished Creatures
  Eustachio (D:4)
  A water moccasin (D:6)
  Duvessa (D:5)
  A black bear (D:4)
  A phantom (D:2)
  A kobold brigand (D:6)
  A bullfrog (D:7)
  4 scorpions
  2 wights (D:7)
  Dowan (D:5)
  A hound (D:5)
  An orc priest (D:6)
  3 jellies
  A gnoll bouda (D:6)
  Ijyb (D:3)
  2 iguanas
  3 orc wizards
  8 adders
  3 gnolls (D:6)
  An ufetubus (D:5)
  6 dart slugs
  12 orcs
  8 ball pythons
  10 endoplasms
  2 giant cockroaches
  9 hobgoblins
  11 jackals
  5 quokkas
  5 bats
  8 frilled lizards
  9 goblins
  8 kobolds
  6 rats
137 creatures vanquished.

Notes
Turn   | Place    | Note
-------+----------+-------------------------------------------
     0 | D:1      | qw the Gargoyle Fighter began the quest for the Orb.
     0 | D:1      | Reached XP level 1. HP: 14/14 MP: 1/1
     0 | D:1      | 0 ||| qw: Version: 0.3-a-24-ga2abf7b
     0 | D:1      | 0 ||| qw: Game counter: 6841
     0 | D:1      | 0 ||| qw: Melee chars always use a shield: true
     0 | D:1      | 0 ||| qw: God list: Okawaru
     0 | D:1      | 0 ||| qw: Allow faded altars: false
     0 | D:1      | 0 ||| qw: Do Orc after clearing Dungeon:15 true
     0 | D:1      | 0 ||| qw: Do second Lair branch before Depths: true
     0 | D:1      | 0 ||| qw: Lair rune preference: random
     0 | D:1      | 0 ||| qw: Goals: Normal, Zot:1-4, Slime:5, God:TSO, Crypt,
                  | Tomb, Abyss, Pan, Hells, Win
     0 | D:1      | 0 ||| PLANNING D:1-11
    31 | D:1      | Reached skill level 2 in Axes
    50 | D:1      | Reached XP level 2. HP: 19/19 MP: 2/2
   180 | D:1      | 180 ||| DROPPING +0 whip.
   448 | D:1      | Reached skill level 3 in Axes
   515 | D:1      | 515 ||| Stepping ~*~*~tactically~*~*~ (stealth).
   545 | D:1      | Reached XP level 3. HP: 23/23 MP: 3/3
   706 | D:1      | 706 ||| READING scroll labelled DIYTWOIKHLEN.
   707 | D:1      | 707 ||| DRINKING 2 smoky amethyst potions.
   871 | D:2      | Reached XP level 4. HP: 28/28 MP: 4/4
   973 | D:2      | 973 ||| READING scroll of brand weapon.
   973 | D:2      | 973 ||| BRANDING +0 war axe of protection.
   974 | D:2      | 974 ||| DROPPING +0 mace.
  1010 | D:2      | Noticed a phantom
  1011 | D:2      | 1011 ||| Stepping ~*~*~tactically~*~*~ (stealth).
  1021 | D:2      | Killed a phantom
  1022 | D:2      | Reached skill level 4 in Axes
  1022 | D:2      | Reached XP level 5. HP: 32/32 MP: 5/5
  1137 | D:2      | Found a faded altar of an unknown god.
  1168 | D:2      | 1168 ||| Stepping ~*~*~tactically~*~*~ (hiding).
  1169 | D:2      | 1169 ||| Stepping ~*~*~tactically~*~*~ (hiding).
  1390 | D:2      | 1390 ||| READING 3 scrolls labelled XUEDENASIR.
  1391 | D:2      | 1391 ||| READING scroll labelled IDUARE JIORU.
  1392 | D:2      | 1392 ||| READING 2 scrolls labelled MOIBBIHUQA.
  1397 | D:2      | 1397 ||| DRINKING 2 grey potions.
  1398 | D:2      | 1398 ||| DRINKING 2 white potions.
  1503 | D:2      | 1503 ||| READING 2 scrolls of identify.
  1503 | D:2      | 1503 ||| IDENTIFYING murky black potion
  1504 | D:2      | 1504 ||| DROPPING potion of degeneration.
  1505 | D:2      | 1505 ||| DROPPING potion of berserk rage.
  1550 | D:3      | 1550 ||| Stepping ~*~*~tactically~*~*~ (stealth).
  1571 | D:3      | 1571 ||| Stepping ~*~*~tactically~*~*~ (hiding).
  1574 | D:3      | 1574 ||| Stepping ~*~*~tactically~*~*~ (hiding).
  1626 | D:3      | 1626 ||| Stepping ~*~*~tactically~*~*~ (stealth).
  1627 | D:3      | 1627 ||| Stepping ~*~*~tactically~*~*~ (stealth).
  1628 | D:3      | 1628 ||| Stepping ~*~*~tactically~*~*~ (stealth).
  1629 | D:3      | 1629 ||| Stepping ~*~*~tactically~*~*~ (stealth).
  1647 | D:3      | Reached skill level 5 in Axes
  1762 | D:3      | 1762 ||| Stepping ~*~*~tactically~*~*~ (stealth).
  1778 | D:3      | Found a glowing golden altar of the Shining One.
  1785 | D:3      | 1785 ||| Stepping ~*~*~tactically~*~*~ (stealth).
  1834 | D:3      | 1834 ||| Stepping ~*~*~tactically~*~*~ (stealth).
  1908 | D:3      | 1908 ||| Stepping ~*~*~tactically~*~*~ (stealth).
  1940 | D:3      | Found a basalt altar of Yredelemnul.
  1973 | D:3      | Noticed Ijyb
  1979 | D:3      | Killed Ijyb
  1980 | D:3      | Reached skill level 1 in Throwing
  1980 | D:3      | Reached XP level 6. HP: 20/38 MP: 6/6
  2293 | D:3      | 2293 ||| UPGRADING to +0 pair of gloves.
  2298 | D:3      | 2298 ||| DROPPING scarf of shadows.
  2299 | D:3      | 2299 ||| READING scroll labelled TUNEVA ZAWU.
  2327 | D:3      | 2327 ||| DRINKING 5 fizzy brown potions.
  2423 | D:4      | Found a staircase to the Ecumenical Temple.
  2424 | D:4      | 2424 ||| PLANNING TEMPLE
  2432 | Temple   | Entered the Ecumenical Temple
  2475 | Temple   | 2475 ||| PLANNING D:1-11
  2525 | D:4      | Found an ornate altar of the Wu Jian Council.
  2649 | D:4      | Noticed a black bear
  2653 | D:4      | Killed a black bear
  2654 | D:4      | Reached skill level 6 in Axes
  2733 | D:4      | Reached XP level 7. HP: 43/43 MP: 7/7
  2745 | D:4      | Found a blossoming altar of Fedhas.
  2875 | D:4      | Reached skill level 1 in Dodging
  3123 | D:4      | 3123 ||| DROPPING scarf of harm.
  3124 | D:4      | 3124 ||| UPGRADING to +0 cloak.
  3129 | D:4      | 3129 ||| READING 2 scrolls labelled MASOGICVETSI.
  3130 | D:4      | 3130 ||| READING 3 scrolls of identify.
  3130 | D:4      | 3130 ||| IDENTIFYING smoky white potion
  3131 | D:4      | 3131 ||| READING 2 scrolls of identify.
  3131 | D:4      | 3131 ||| IDENTIFYING fizzy golden potion
  3132 | D:4      | 3132 ||| DROPPING potion of invisibility.
  3133 | D:4      | 3133 ||| DROPPING scroll of amnesia.
  3154 | D:5      | Entered Level 5 of the Dungeon
  3154 | D:5      | Noticed Dowan
  3155 | D:5      | Noticed Duvessa
  3157 | D:5      | Noticed Eustachio
  3162 | D:5      | Killed Duvessa
  3165 | D:5      | Killed Dowan
  3170 | D:5      | 3170 ||| FLEEEEING.
  3171 | D:5      | 3171 ||| FLEEEEING.
  3172 | D:5      | 3172 ||| FLEEEEING.
  3173 | D:5      | 3173 ||| STAIRDANCE
  3240 | D:5      | 3240 ||| STAIRDANCE
  3246 | D:4      | Reached skill level 7 in Axes
  3298 | D:5      | 3298 ||| STAIRDANCE
  3309 | D:4      | Killed Eustachio
  3437 | D:5      | 3437 ||| Stepping ~*~*~tactically~*~*~ (hiding).
  3438 | D:5      | 3438 ||| Stepping ~*~*~tactically~*~*~ (hiding).
  3444 | D:5      | Reached XP level 8. HP: 44/49 MP: 8/8
  3759 | D:5      | 3759 ||| READING 2 scrolls labelled TOWOT GOPSUQU.
  3760 | D:5      | 3760 ||| READING 2 scrolls of identify.
  3760 | D:5      | 3760 ||| IDENTIFYING ruby potion
  3761 | D:5      | 3761 ||| DROPPING scroll of fear.
  3762 | D:5      | 3762 ||| DROPPING potion of brilliance.
  3906 | D:6      | 3906 ||| Stepping ~*~*~tactically~*~*~ (hiding).
  3909 | D:6      | 3909 ||| Stepping ~*~*~tactically~*~*~ (hiding).
  3928 | D:6      | 3928 ||| Stepping ~*~*~tactically~*~*~ (hiding).
  3929 | D:6      | 3929 ||| Stepping ~*~*~tactically~*~*~ (hiding).
  3932 | D:6      | 3932 ||| Stepping ~*~*~tactically~*~*~ (hiding).
  4049 | D:6      | 4049 ||| Stepping ~*~*~tactically~*~*~ (stealth).
  4051 | D:6      | 4051 ||| Stepping ~*~*~tactically~*~*~ (stealth).
  4052 | D:6      | 4052 ||| Stepping ~*~*~tactically~*~*~ (stealth).
  4131 | D:6      | Found an iron altar of Okawaru.
  4132 | D:6      | 4132 ||| PLANNING OKAWARU WORSHIP
  4134 | D:6      | Became a worshipper of Warmaster Okawaru
  4135 | D:6      | 4135 ||| PLANNING D:1-11
  4183 | D:6      | Found a snail-covered altar of Cheibriados.
  4187 | D:6      | Reached skill level 8 in Axes
  4285 | D:6      | Found a sparkling altar of Nemelex Xobeh.
  4346 | D:6      | Reached skill level 6 in Fighting
  4717 | D:6      | 4717 ||| DRINKING 2 glowing grey potions.
  4850 | D:7      | HP: 5/51 [wight/+3 battleaxe (14)]
  4851 | D:7      | 4851 ||| READING 2 scrolls of teleportation.
  4853 | D:7      | HP: 2/51 [wight/+3 battleaxe (4)]
  4854 | D:7      | Slain by a wight

Levels and vault maps discovered:
D:1:      matt_arrival_los_fun, layout_basic
D:2:      layout_rooms, shapermc_ecumenical_altar_notcrosses,
          minmay_misc_feat_more_columns
D:3:      layout_basic, mainiacjoe_overflow_boulevard, lemuel_crystal_altar,
          st_stairs_2, grunt_ministairs_11, minmay_misc_feat_plants,
          minmay_randomly_rotated_circles, uniq_ijyb
D:4:      layout_gridville, pdpol_wu_jian_five_deadly_venoms, fedhas_altar_1,
          minmay_temple_entry_offerings, nicolae_nh_ransacked_shop
D:5:      layout_basic, uniq_eustachio, uniq_duvessa
D:6:      layout_rooms, kennysheep_slug_shrine,
          mainiacjoe_overflow_surrounded_room, lemuel_doored_altar,
          chequers_serial_rivers_small_3, kennysheep_generic_room_3
D:7:      layout_gridville
Temple:   eino_wide_crystal_templ

Skill      XL: |  1  2  3  4  5  6  7  8 |
---------------+-------------------------+-----
Axes           | 2 3 4 5 6 7 8 |  8.6
Fighting       | 4 5 6 |  6.1
Throwing       | 1 2 |  2.5
Dodging        | 1 |  1.0
Armour         | |  3.2
Shields        | |  3.2

Action                     |  1- 3 |  4- 6 |  7- 9 || total
---------------------------+-------+-------+-------++-------
  Melee: War axe           |   112 |   115 |   143 ||   370
  Throw: Javelin           |       |    17 |    28 ||    45
    Use: Scroll            |     1 |     6 |     6 ||    13
         Potion            |     1 |     3 |     1 ||     5
 Armour: Scale mail        |    50 |    59 |   132 ||   241
  Dodge: Dodged            |    56 |    59 |   121 ||   236
  Block: Buckler           |    18 |    21 |    40 ||    79

Table legend:
 A = Non-vault XP
 B = Vault XP
 C = Vault XP percentage of total XP
 D = Non-vault monster count
 E = Vault monster count
 F = Vault count percentage of total count
                 A         B        C        D         E       F
            +---------+---------+-------+---------+---------+-------
      Total |    1612 |     662 |  29.1 |     118 |      19 |  13.9
            +---------+---------+-------+---------+---------+-------
        D:1 |      54 |       0 |   0.0 |      32 |       0 |   0.0
        D:2 |     160 |       0 |   0.0 |      22 |       0 |   0.0
        D:3 |      66 |      56 |  45.9 |      20 |      11 |  35.5
        D:4 |     386 |     244 |  38.7 |      11 |       4 |  26.7
        D:5 |     251 |     211 |  45.7 |      12 |       2 |  14.3
        D:6 |     459 |     151 |  24.8 |      18 |       2 |  10.0
        D:7 |     236 |       0 |   0.0 |       3 |       0 |   0.0
            +---------+---------+-------+---------+---------+-------
